 Dungeon Crawl Stone Soup version 0.23.2-40-g277498a001 (webtiles) character file.

Game seed: 13652075655514092250

114 Destapler the Caller (level 4, 0/31 HPs)
             Began as a Merfolk Summoner on Aug 18, 2019.
             Succumbed to a scorpion's poison
             ... on level 3 of the Dungeon.
             The game lasted 00:21:07 (4028 turns).

Destapler the Caller (Merfolk Summoner)             Turns: 4028, Time: 00:21:08

Health: 0/31       AC:  4    Str:  8    XL:     4   Next: 97%
Magic:  8/8        EV: 13    Int: 15    God:
Gold:   120        SH:  0    Dex: 14    Spells: 4/9 levels left

rFire    . . .     SeeInvis .   a - +1 spear
rCold    . . .     Gourm    .   (no shield)
rNeg     . . .     Faith    .   r - +0 robe
rPois    .         Spirit   .   (no helmet)
rElec    .         Reflect  .   f - +1 cloak
rCorr    .         Harm     .   (no gloves)
MR       +....                  (no boots)
Stlth    ++........             (no amulet)
HPRegen  0.10/turn              q - ring of protection from magic
MPRegen  0.11/turn              (no ring)

@: lethally poisoned (0 -> -14), invisible
A: change form in water, swift swim, stealthy swim
a: no special abilities


You were on level 3 of the Dungeon.
You were not hungry.

You visited 1 branch of the dungeon, and saw 4 of its levels.

You collected 120 gold pieces.

Inventory:

Hand Weapons
 a - a +1 spear (weapon)
Missiles
 n - 74 stones (quivered)
Armour
 f - a +1 cloak (worn)
 j - a +0 shield
 r - a +0 robe (worn)
Jewellery
 q - a ring of protection from magic (left hand)
Scrolls
 d - 2 scrolls of enchant armour
 e - 2 scrolls of enchant weapon
 i - a scroll of remove curse
Potions
 g - a potion of curing {unknown}
 h - 2 potions of haste
 l - 2 potions of agility
 p - a potion of resistance {unknown}
Comestibles
 c - 2 rations


   Skills:
 + Level 0.4 Fighting
 + Level 0.6 Polearms
 - Level 2.6 Dodging
 * Level 3.8 Stealth
 - Level 3.0 Spellcasting
 * Level 4.7 Summonings


You had 4 spell levels left.
You knew the following spells:

 Your Spells              Type           Power        Failure   Level  Hunger
d - Call Canine Familiar  Summ           ###.....     9%          3    ###....
i - Call Imp              Summ           ###.....     4%          2    ##.....

Your spell library contained the following spells:

 Spells                   Type           Power        Failure   Level  Hunger
 Summon Small Mammal      Summ           ###.         2%          1    #......
 Summon Guardian Golem    Hex/Summ       #.......     22%         3    ###....
 Summon Ice Beast         Ice/Summ       #.......     58%         4    #####..
 Summon Lightning Spire   Summ/Air       #.......     58%         4    #####..


Dungeon Overview and Level Annotations

Branches:
Dungeon (4/15)
 Temple: D:4-7

Altars:
Makhleb
Okawaru
Trog
The Shining One


Message History

You feel sick.
You feel sick.
You feel sick.
You feel sick.
You see here a dagger.
A frilled lizard comes into view.
You feel sick.
There is a stone staircase leading up here.
The scorpion stings you.
* * * LOW HITPOINT WARNING * * *
You climb upwards.
You feel sick.
There is a stone staircase leading down here.
You eat one of the 3 rations.
That ration really hit the spot!
The scorpion stings you.
* * * LOW HITPOINT WARNING * * *
You are more poisoned.
The scorpion poisons you!
It was a potion of invisibility.
You fade into invisibility!
You die...

...#########.......).............
..................####.......(...
...##############................
<..# ######........... ...#
###### #........... .### #....#
######...... ..## #....# #.#####
#..# #.s..# #.# ##.# ##..@.# #.#
.#.# ###.....# #.# ...##
#.......# #.# #...# #.###.### #.#
#.#.# ####.#...# ### ##.# ..#.#
#....#.### #.### #..# ....#
#.##...# #...###.##
#...####.##.### ###.....######
#.#......)....## #.....#.....


You could see a scorpion.

Vanquished Creatures
  An orc wizard (D:4)
  3 adders (D:2)
  2 leopard geckos (D:2)
  A ball python (D:3)
  7 bats
  A giant cockroach (D:3)
  2 goblins (D:1)
  4 hobgoblins
  3 jackals
  2 quokkas (D:3)
  3 frilled lizards (D:2)
  4 kobolds
  4 rats
37 creatures vanquished.

Vanquished Creatures (collateral kills)
  3 adders
  An ooze (D:3)
  A worm (D:3)
  An orc (D:4)
  A goblin (D:3)
  2 hobgoblins (D:1)
  3 jackals
  2 kobolds (D:2)
  A ball python (D:2)
  2 bats
17 creatures vanquished.

Grand Total: 54 creatures vanquished

Notes
Turn   | Place    | Note
-------+----------+-------------------------------------------
     0 | D:1      | Destapler the Merfolk Summoner began the quest for the Orb.
     0 | D:1      | Reached XP level 1. HP: 13/13 MP: 3/3
   235 | D:1      | Found an iron altar of Okawaru.
   716 | D:1      | Reached XP level 2. HP: 18/19 MP: 3/5
   728 | D:1      | Learned a level 2 spell: Call Imp
  1434 | D:2      | Reached XP level 3. HP: 9/24 MP: 6/6
  1762 | D:2      | Found a burning altar of Makhleb.
  2344 | D:2      | Reached XP level 4. HP: 17/30 MP: 6/8
  2545 | D:2      | Learned a level 3 spell: Call Canine Familiar
  3360 | D:3      | Found a bloodstained altar of Trog.
  3427 | D:3      | Found a glowing golden altar of the Shining One.
  4027 | D:3      | HP: 1/31 [scorpion (4)]
  4028 | D:3      | Succumbed to a scorpion's poison

Skill      XL: |  1  2  3  4 |
---------------+-------------+-----
Stealth        | 3 |  3.8
Spellcasting   | 3 |  3.0
Fighting       | |  0.4
Polearms       | |  0.6
Dodging        | |  2.6
Summonings     | |  4.7

Action                   |  1- 3 |  4- 6 || total
-------------------------+-------+-------++-------
Melee: Spear             |   123 |    81 ||   204
Throw: Stone             |       |     8 ||     8
 Cast: Summon Small Mamm |    12 |       ||    12
       Call Imp          |    12 |     4 ||    16
       Call Canine Famil |       |     8 ||     8
  Use: Scroll            |       |    10 ||    10
       Potion            |       |     1 ||     1
 Stab: Sleeping          |     2 |     2 ||     4
       Distracted        |       |     1 ||     1
  Eat: Chunk             |     6 |     4 ||    10
       Ration            |       |     1 ||     1
Armor: Robe              |    20 |    16 ||    36
Dodge: Dodged            |    80 |    44 ||   124
